 Dungeon Crawl Stone Soup version 0.29-a0-872-g797fff5ad1 (webtiles) character file.

Game seed: 2867346900783981200

797 HoaS the Skirmisher (level 8, -5/44 HPs)
             Began as a Kobold Hunter on July 18, 2022.
             Was an Initiate of Okawaru.
             Slain by a phantom (7 damage)
             ... on level 6 of the Dungeon.
             The game lasted 00:13:16 (5726 turns).

HoaS the Skirmisher (Kobold Hunter)                 Turns: 5726, Time: 00:13:17

Health: -5/44      AC:  5    Str:  7    XL:     8   Next: 13%
Magic:  7/9        EV: 15    Int: 12    God:    Okawaru [......]
Gold:   3082       SH:  0    Dex: 25    Spells: 7/7 levels left

rFire   . . .      SeeInvis .   c - +2 arbalest
rCold   . . .      Faith    .   (shield currently unavailable)
rNeg    . . .      Spirit   .   j - +2 leather armour of the Dowdy God {rCorr Str-2 Int+2 Dex+5}
rPois   .          Reflect  .   (no helmet)
rElec   .          Harm     .   (no cloak)
rCorr   +          Rampage  .   (no gloves)
Will    .....                   (no boots)
Stlth   +++.......              (no amulet)
HPRegen 0.14/turn               (no ring)
MPRegen 0.11/turn               (no ring)

@: no status effects
A: small, no large weapons, nightstalker 3
a: Renounce Religion


You were on level 6 of the Dungeon.
You worshipped Okawaru.
Okawaru was noncommittal.
You visited 2 branches of the dungeon, and saw 7 of its levels.

You collected 3140 gold pieces.
You spent 58 gold pieces at shops.

Inventory:

Hand Weapons
 c - a +2 arbalest (weapon)
Armour
 j - the +2 leather armour of the Dowdy God (worn) {rCorr Str-2 Int+2 Dex+5}
   (You found it on level 2 of the Dungeon)

   Str:       It affects your strength (-2).
   Int:       It affects your intelligence (+2).
   Dex:       It affects your dexterity (+5).
   rCorr:     It protects you from acid and corrosion.
Jewellery
 h - a ring of fire
 v - an amulet of magic regeneration
Wands
 f - a wand of paralysis (7)
 t - a wand of polymorph (7)
Scrolls
 b - a scroll of immolation
 l - a scroll of teleportation
Potions
 d - 2 potions of resistance
 e - a potion of flight
 g - 3 potions of mutation
 i - a potion of attraction {unknown}
 m - a potion of brilliance {unknown}
 n - a potion of berserk rage {unknown}
 q - a potion of heal wounds {unknown}
 s - 2 potions of ambrosia {unknown}
 u - a potion of lignification {unknown}


   Skills:
 - Level 2.1 Fighting
 * Level 11.9 Ranged Weapons
 - Level 2.4 Dodging
 - Level 1.3 Stealth
 + Level 2.0 Invocations


You had 7 spell levels left.
You didn't know any spells.
Your spell library was empty.

Dungeon Overview and Level Annotations

Branches:
Dungeon (6/15)             Temple (1/1) D:4

Altars:
Ashenzari
Dithmenos
Elyvilon
Fedhas
Makhleb
Nemelex Xobeh
Okawaru
Sif Muna
Trog
Uskayaw
Xom

Shops:
D:4 (

Annotations:
D:4 Pikel
D:5 Dowan, Duvessa


Innate Abilities, Weirdness & Mutations

You are small and have problems with some larger weapons.
You are completely attuned to the shadows.


Message History

The phantom barely misses you.
You hear a howl!
Fire: c) +2 arbalest
Press: ? - help, Q - select action, (/) - cycle Shift-Dir - straight line, f/p - wight
Aim: a wight, wielding a +0 long sword and wearing a +0 robe (heavily damaged, 68% to hit)
You shoot a bolt. The bolt hits the wight!!
You destroy the wight!
Okawaru accepts your kill.
An orc comes into view. It is wielding a +0 hand axe.
An orc comes into view. It is wielding a +0 dagger.
An orc wizard comes into view. It is wielding a +0 dagger.
The phantom closely misses you. The phantom misses you.
A wight comes into view. It is wielding a +6 halberd.
Your Invocations skill increases to level 2!
Fire: c) +2 arbalest
Press: ? - help, Q - select action, (/) - cycle Shift-Dir - straight line, f - phantom
Aim: a phantom (60% to hit)
You shoot a bolt. The bolt closely misses the phantom.
A wight comes into view. It is wielding a +5 hand axe.
A wight comes into view. It is wielding a +0 falchion.
The phantom hits you.
* * * LOW HITPOINT WARNING * * *
Really attack while wielding your +2 arbalest? [Y]es or [N]o only, please.
Really attack while wielding your +2 arbalest? [Y]es or [N]o only, please.
Really attack while wielding your +2 arbalest?
Okay, then.
Really attack while wielding your +2 arbalest? [Y]es or [N]o only, please.
Really attack while wielding your +2 arbalest?
Okay, then.
Really attack while wielding your +2 arbalest?
Okay, then.
The phantom closely misses you.
The orc priest attacks as you move away!
The orc priest barely misses you.
The orc priest begins to cast a cantrip, but forgets the words!
The phantom attacks as you move away! The phantom hits you!
You die...

.#. #... .
##...# .z
####..#.#
..z#...)##.##
..zzoW@>....#
..oo#########
.... ....
....


You could see a phantom, 3 wights, an orc priest, an orc wizard and an orc.

Vanquished Creatures
  Menkaure (D:5)
  A sky beast (D:6)
  A phantom (D:5)
  2 lemures (D:4)
  2 wights (D:6)
  A howler monkey (D:5)
  A jelly (D:4)
  A hound (D:5)
  Jessica (D:2)
  4 iguanas
  5 adders
  4 gnolls (D:5)
  A white imp (D:5)
  2 worms
  4 dart slugs
  4 orcs
  3 endoplasms
  3 giant cockroaches
  11 goblins
  6 hobgoblins
  5 jackals
  3 kobolds
  3 quokkas
  3 training dummies (D:4)
  2 ball pythons
  4 bats
  3 frilled lizards
  7 rats
  A bush (D:1)
89 creatures vanquished.

Vanquished Creatures (others)
  A plant (D:1)
1 creature vanquished.

Grand Total: 90 creatures vanquished

Notes
Turn   | Place    | Note
-------+----------+-------------------------------------------
     0 | D:1      | HoaS the Kobold Hunter began the quest for the Orb.
     0 | D:1      | Reached XP level 1. HP: 12/12 MP: 1/1
   153 | D:1      | Reached XP level 2. HP: 17/17 MP: 2/2
   209 | D:1      | Reached skill level 6 in Ranged Weapons
   540 | D:1      | Found a faded altar of an unknown god.
   593 | D:1      | Reached XP level 3. HP: 21/21 MP: 3/3
  1035 | D:2      | Identified 3 scrolls of acquirement
  1035 | D:2      | Acquired 797 gold pieces
  1141 | D:1      | Acquired 974 gold pieces
  1486 | D:2      | Reached skill level 7 in Ranged Weapons
  1486 | D:2      | Reached XP level 4. HP: 22/26 MP: 4/4
  1493 | D:2      | Noticed Jessica
  1495 | D:2      | Killed Jessica
  1630 | D:2      | Identified the +2 leather armour of the Dowdy God {rCorr
                  | Str-2 Int+2 Dex+5}
  2477 | D:3      | Reached XP level 5. HP: 30/30 MP: 5/5
  2491 | D:3      | Reached skill level 8 in Ranged Weapons
  2493 | D:3      | Found a bloodstained altar of Trog.
  3111 | D:4      | Acquired 1092 gold pieces
  3147 | D:4      | Noticed an acid dragon
  3459 | D:4      | Found a staircase to the Ecumenical Temple.
  3465 | Temple   | Entered the Ecumenical Temple
  3662 | D:4      | Reached XP level 6. HP: 35/35 MP: 6/6
  3765 | D:4      | Noticed Pikel
  3973 | D:4      | Reached skill level 9 in Ranged Weapons
  4038 | D:4      | Found Athra's Firing Range.
  4043 | D:4      | Bought a +0 arbalest for 58 gold pieces
  4096 | D:5      | Entered Level 5 of the Dungeon
  4139 | D:5      | Reached skill level 10 in Ranged Weapons
  4318 | D:5      | Reached XP level 7. HP: 40/40 MP: 7/7
  4459 | D:5      | Noticed Duvessa
  4817 | D:5      | Noticed Menkaure
  4821 | D:5      | Killed Menkaure
  4822 | D:5      | Reached skill level 11 in Ranged Weapons
  5048 | D:5      | Noticed Dowan
  5092 | D:5      | Found an iron altar of Okawaru.
  5100 | D:5      | Became a worshipper of Warmaster Okawaru
  5260 | D:5      | Found a burning altar of Makhleb.
  5461 | D:6      | Identified the +1 scale mail of Tartarus {rElec Int+3}
  5714 | D:6      | Reached skill level 1 in Invocations
  5720 | D:6      | Reached XP level 8. HP: 9/44 MP: 7/9
  5723 | D:6      | HP: 1/44 [phantom (5)]
  5726 | D:6      | Slain by a phantom

Illustrated notes

Levels and vault maps discovered:
D:1:      dpeg_arrival_pits, layout_loops_ring,
          hellmonk_ecumenical_altar_lost_god, serial_forest,
          infiniplex_forest_clump_small, infiniplex_forest_end_double,
          infiniplex_forest_clump_long, infiniplex_forest_clump_small,
          infiniplex_forest_lined_corner, infiniplex_forest_clump_double
D:2:      layout_basic, uniq_jessica
D:3:      layout_basic, trog_hazing_becter, hangedman_glass_teeth,
          dreamdust_princess_corridor
D:4:      layout_basic, minmay_temple_entry_butterflies,
          nicolae_shop_firing_range, uniq_eustachio, uniq_pikel, uniq_sigmund
D:5:      layout_basic, kennysheep_little_box, kennysheep_mini_moat,
          uniq_menkaure, uniq_duvessa
D:6:      layout_rooms, mainiacjoe_overflow_cross_hatched,
          mainiacjoe_overflow_concentric_impassable
Temple:   hellmonk_temple_micro_hex

Skill      XL: |  1  2  3  4  5  6  7  8 |
---------------+-------------------------+-----
Ranged Weapons | 6 7 8 10 11 | 11.9
Invocations    | 1 2 |  2.0
Fighting       | |  2.1
Dodging        | |  2.4
Stealth        | |  1.3

Action                   |  1- 3 |  4- 6 |  7- 9 || total
-------------------------+-------+-------+-------++-------
 Fire: Shortbow          |   179 |   129 |       ||   308
       Arbalest          |       |    27 |    36 ||    63
Throw: Throwing net      |       |       |     1 ||     1
  Use: Scroll            |     6 |     9 |     5 ||    20
       Potion            |       |     1 |     2 ||     3
Armor: Leather armour    |     8 |    22 |     5 ||    35
Dodge: Dodged            |    38 |    71 |    11 ||   120

Table legend: (Time is in decaauts)
 A = Elapsed time spent in this place.
 B = Non-inter-level travel time spent in this place.
 C = Inter-level travel time spent in this place.
 D = Time resting spent in this place.
 E = Time spent auto-exploring this place.
 F = Levels seen in this place.
 G = Mean time per level.
                   A        B        C        D        E       F      G
               +--------+--------+--------+--------+--------+-----+--------+
         Total |   5800 |   5620 |    180 |   1621 |   3121 |   7 |  828.6 |
       Dungeon |   5780 |   5603 |    177 |   1621 |   3108 |   6 |  963.3 |
        Temple |     19 |     16 |      3 |      0 |     13 |   1 |   19.0 |
               +--------+--------+--------+--------+--------+-----+--------+

Top non-repeatable levels by time:
     D:5: 1375 daAuts
     D:1: 1184 daAuts
     D:2: 1144 daAuts
     D:3: 1066 daAuts
     D:4: 727 daAuts
     D:6: 282 daAuts
  Temple: 19 daAuts
